 Dungeon Crawl Stone Soup version 0.27-a0-1147-gb3d8e82157 (webtiles) character file.

Game seed: 11581792631653961913

0 shoop the Vexing (level 1, -2/19 HPs)
             Began as an Ogre Arcane Marksman on May 11, 2021.
             Slain by a kobold
             ... wielding a +0 whip
              (4 damage)
             ... on level 1 of the Dungeon.
             The game lasted 00:00:34 (166 turns).

shoop the Vexing (Ogre Arcane Marksman)              Turns: 166, Time: 00:00:35

Health: -2/19      AC:  3    Str: 13    XL:     1   Next: 10%
Magic:  2/2        EV:  9    Int: 14    God:
Gold:   0          SH:  0    Dex:  9    Spells: 1/2 levels left

rFire    . . .     SeeInvis .   (no weapon)
rCold    . . .     Faith    .   (no shield)
rNeg     . . .     Spirit   .   a - +0 robe
rPois    .         Reflect  .   (helmet restricted)
rElec    .         Harm     .   (no cloak)
rCorr    .         Rampage  .   (gloves unavailable)
Will     .....                  (boots unavailable)
Stlth    +.........             (no amulet)
HPRegen  0.06/turn              (no ring)
MPRegen  0.08/turn              (no ring)

@: no status effects
A: large, unfitting armour, tough skin 1
a: no special abilities


You were on level 1 of the Dungeon.
You visited 1 branch of the dungeon, and saw 1 of its levels.

Inventory:

Missiles
 c - 2 large rocks (quivered)
 d - 2 throwing nets
Armour
 a - a +0 robe (worn)


   Skills:
 + Level 1.4 Fighting
 + Level 2.0 Throwing
 + Level 1.7 Dodging
 + Level 1.2 Spellcasting
 + Level 2.7 Hexes


You had one spell level left.
You knew the following spells:

 Your Spells              Type           Power      Damage    Failure   Level
a - Corona                Hex            8%         N/A       9%          1

Your spell library contained the following spells:

 Spells                   Type           Power      Damage    Failure   Level
 Slow                     Hex            8%         N/A       13%         2
 Inner Flame              Hex/Fire       4%         N/A       41%         3
 Portal Projectile        Hex/Tloc       8%         N/A       41%         3
 Cause Fear               Hex            4%         N/A       63%         4
 Leda's Liquefaction      Hex/Erth       2%         N/A       83%         4


Dungeon Overview and Level Annotations

Branches:
Dungeon (1/15)

Altars:


Innate Abilities, Weirdness & Mutations

You are too large for most types of armour.
You have tough skin. (AC +1)


Message History

You hit the rat but do no damage. The rat bites you but does no damage.
You closely miss the rat. The rat bites you.
You barely miss the rat. The rat closely misses you.
You closely miss the rat. The rat bites you.
You barely miss the rat. The rat bites you but does no damage.
You barely miss the rat. The rat barely misses you.
You hit the rat but do no damage. The rat closely misses you.
You hit the rat.
You kill the rat!
A kobold comes into view. It is wielding a +0 whip.
There is an open door here.
You start resting.
HP restored.
The kobold shouts!
The kobold throws a stone.
The stone closely misses you.
There is an open door here.
You close the door.
You start waiting.
A kobold opens the door.
It is wielding a +0 whip.
The kobold hits you with a +0 whip.
There is an open door here.
You barely miss the kobold. The kobold hits you with a +0 whip.
You barely miss the kobold. The kobold hits you with a +0 whip.
You hit the kobold but do no damage. The kobold hits you with a +0 whip.
* * * LOW HITPOINT WARNING * * *
Throw: 4 large rocks
Press: ? - help, Q - select action, (/) - cycle Shift-Dir - straight line, f - kobold
Aim: a kobold, wielding a +0 whip and quivering stones (45% to hit)
You throw a large rock.
The large rock closely misses the kobold.
The kobold hits you with a +0 whip.
* * * LOW HITPOINT WARNING * * *
The kobold barely misses you.
Throw: 3 large rocks
Press: ? - help, Q - select action, (/) - cycle Shift-Dir - straight line, f/p - kobold
Aim: a kobold, wielding a +0 whip and quivering stones (45% to hit)
You throw a large rock.
The large rock barely misses the kobold.
The kobold barely misses you. The kobold hits you with a +0 whip.
You die...

♣P♣P≈.###.≈PP♣.♣♣P≈#
♣♣.P≈.#§#.≈..♣PPP.≈#
PP♣P≈.###.≈PP♣P♣.P≈#
≈≈≈.....≈≈≈≈≈≈≈≈≈#
≈≈≈≈≈.≈≈≈≈≈≈≈≈≈≈≈#
♣P ♣≈.≈♣♣PPPP♣.P≈#
P♣.P♣♣≈.≈♣♣P♣.P♣♣♣≈#
≈≈≈≈≈≈≈.≈≈≈≈≈≈≈≈≈≈≈#
#######@############
.......K...#
#....#.........
...............
...............
..........#....
..........##...
.......(... ...
............ ..


You could see a kobold.

Vanquished Creatures
  A rat (D:1)
1 creature vanquished.

Notes
Turn   | Place    | Note
-------+----------+-------------------------------------------
     0 | D:1      | shoop the Ogre Arcane Marksman began the quest for the Orb.
     0 | D:1      | Reached XP level 1. HP: 19/19 MP: 2/2
   166 | D:1      | Slain by a kobold

Illustrated notes

Levels and vault maps discovered:
D:1:      lightli_arrival_farm, layout_basic, hangedman_decor_push,
          kennysheep_decorative_pillar, hex_large

Action                   || total
-------------------------++-------
Melee: Unarmed           ||    20
Throw: Large rock        ||     2
Armor: Robe              ||     2
Dodge: Dodged            ||    12

Table legend: (Time is in decaauts)
 A = Elapsed time spent in this place.
 B = Non-inter-level travel time spent in this place.
 C = Inter-level travel time spent in this place.
 D = Time resting spent in this place.
 E = Time spent auto-exploring this place.
 F = Levels seen in this place.
 G = Mean time per level.
                   A        B        C        D        E       F      G
               +--------+--------+--------+--------+--------+-----+--------+
         Total |    182 |    182 |      0 |     94 |     55 |   1 |  182.0 |
       Dungeon |    182 |    182 |      0 |     94 |     55 |   1 |  182.0 |
               +--------+--------+--------+--------+--------+-----+--------+

Top non-repeatable levels by time:
     D:1: 182 daAuts
